 Dungeon Crawl Stone Soup version 0.25.0-41-g26779e291d (webtiles) character file.

Game seed: 6191963284323253163

2996 Ethylacetat the Spear-Bearer (level 9, -6/62 HPs)
             Began as an Octopode Gladiator on July 10, 2020.
             Was a Believer of Vehumet.
             Shot with a sling bullet by Joseph (13 damage)
             ... on level 7 of the Dungeon.
             The game lasted 00:15:10 (7196 turns).

Ethylacetat the Spear-Bearer (Octopode Gladiator)   Turns: 7196, Time: 00:15:11

Health: -6/62      AC:  1    Str: 16    XL:     9   Next: 84%
Magic:  11/11      EV: 14    Int: 23    God:    Vehumet [**....]
Gold:   204        SH:  0    Dex: 13    Spells: 10/11 levels left

rFire    . . .     SeeInvis .   h - +1 trident (vorpal)
rCold    . . .     Gourm    .   (no shield)
rNeg     . . .     Faith    .   b - +0 hat
rPois    .         Spirit   .   f - amulet of regeneration
rElec    .         Reflect  .   (no ring)
rCorr    .         Harm     .   l - +6 ring of intelligence
MR       .....                  u - +6 ring of intelligence
Stlth    ++........             (no ring)
HPRegen  0.60/turn              (no ring)
MPRegen  0.12/turn              (no ring)
                                (no ring)
                                (no ring)

@: no status effects
A: almost no armour, stealthy swim, amphibious, 8 rings, constrict 8, camouflage
1, gelatinous body 1
a: Renounce Religion


You were on level 7 of the Dungeon.
You worshipped Vehumet.
Vehumet was pleased with you.
You were not hungry.

You visited 1 branch of the dungeon, and saw 7 of its levels.

You collected 204 gold pieces.

Inventory:

Hand Weapons
 h - a +1 vorpal trident (weapon)
Missiles
 c - 2 throwing nets (quivered)
Armour
 b - a +0 hat (worn)
Jewellery
 f - an amulet of regeneration (around mantle)
 l - a +6 ring of intelligence (right tentacle)
 u - a +6 ring of intelligence (on tentacle)
Wands
 a - a wand of polymorph (9)
 n - a wand of flame (40)
 v - a wand of paralysis (5)
 w - a wand of iceblast (7)
Scrolls
 i - 3 scrolls of teleportation
 j - a scroll of immolation
 k - a scroll of magic mapping
 q - 7 scrolls of identify
 r - 2 scrolls of amnesia
 y - a scroll of fear
 B - 2 scrolls of blinking
Potions
 e - 2 potions of magic {unknown}
 g - 2 potions of berserk rage {unknown}
 m - a potion of lignification {unknown}
 o - 2 potions of invisibility
 p - 5 potions of curing {unknown}
 s - 2 potions of cancellation {unknown}
 t - a potion of flight {unknown}
 A - 2 potions of mutation {unknown}
 D - a potion of haste {unknown}
Comestibles
 d - 11 rations
 C - 9 chunks of flesh


   Skills:
 + Level 5.7 Fighting
 * Level 12.0 Polearms
 - Level 2.0 Throwing
 - Level 3.0 Dodging
 * Level 1.5 Spellcasting
 * Level 1.5 Conjurations


You had 10 spell levels left.
You knew the following spells:

 Your Spells              Type           Power        Failure   Level  Hunger
a - Magic Dart            Conj           #...         7%          1    #......
Your spell library was empty.

Dungeon Overview and Level Annotations

Branches:
Dungeon (7/15)             Temple (0/1) D:5

Altars:
Kikubaaqudgha
Ru
Trog
Uskayaw
Vehumet
Xom

Annotations:
D:7 Joseph


Innate Abilities, Weirdness & Mutations

You cannot wear most types of armour.
You are very stealthy in the water. (Stealth+)
You are amphibious.
You can wear up to eight rings at the same time.
You can use your tentacles to constrict eight enemies at once.
Your skin changes colour to match your surroundings (Stealth+).
Your rubbery body absorbs attacks. (AC +1, EV +1)


Message History

Joseph unwields a +0 quarterstaff.
Joseph wields a +0 hunting sling.
Joseph shoots a sling bullet.
The sling bullet closely misses you. The centaur hits you!
* * * LOW HITPOINT WARNING * * *
You closely miss the centaur. You squeeze the centaur.
The centaur is severely wounded.
The centaur barely misses you.
Joseph shoots a sling bullet.
The sling bullet misses you.
You puncture the centaur!
You kill the centaur!
Vehumet accepts your kill.
Your Polearms skill increases to level 12!
Joseph shoots a sling bullet.
The sling bullet hits you!
* * * LOW HITPOINT WARNING * * *
Really walk into that dispersal trap? [Y]es or [N]o only, please.
Really walk into that dispersal trap?
You enter a dispersal trap!
Joseph blinks!
You blink.
Joseph shoots a sling bullet.
The sling bullet hits you!
You die...

### #.# ##..## ....###
### #.#...####..#
#...........#
#...........##
##@...........#.
#(..(...........
##.(..(.)..##....
##...#............
#...##....§....##
#.......@....§.... #
#####.....####........
## ##..#.....<.#
#....#... .##
#.......#.......#..#
..


You could see Joseph.

Vanquished Creatures
  Prince Ribbit (D:5)
  Eustachio (D:4)
  Duvessa (D:7)
  An orc warrior (D:7)
  A black bear (D:6)
  A sky beast (D:5)
  5 ogres
  A phantom (D:6)
  A centaur (D:7)
  Blork the orc (D:4)
  3 bullfrogs
  Dowan (D:7)
  3 scorpions
  4 wights (D:6)
  A jelly (D:5)
  2 crimson imps
  5 hounds
  2 orc priests
  2 quasits (D:7)
  A centaur skeleton (D:4)
  Crazy Yiuf (D:2)
  2 iguanas
  Jessica (D:2)
  Ijyb (D:4)
  Terence (D:3)
  4 orc wizards
  2 worker ants (D:6)
  A worker ant zombie (D:5)
  8 gnolls
  7 adders
  A shadow imp (D:7)
  2 oozes (D:2)
  An adder skeleton (D:4)
  5 worms
  4 dart slugs
  4 leopard geckos
  24 orcs
  2 ball pythons
  7 bats
  A giant cockroach (D:5)
  7 hobgoblins
  23 jackals
  6 kobolds
  7 quokkas
  4 frilled lizards
  13 goblins
  A leopard gecko skeleton (D:7)
  A leopard gecko zombie (D:6)
  8 rats
187 creatures vanquished.

Notes
Turn   | Place    | Note
-------+----------+-------------------------------------------
     0 | D:1      | Ethylacetat the Octopode Gladiator began the quest for the
                  | Orb.
     0 | D:1      | Reached XP level 1. HP: 14/14 MP: 1/1
   215 | D:1      | Reached XP level 2. HP: 19/19 MP: 2/2
   687 | D:1      | Reached XP level 3. HP: 25/25 MP: 3/3
   871 | D:2      | Reached skill level 4 in Polearms
   946 | D:2      | Noticed Jessica
   952 | D:2      | Killed Jessica
   952 | D:2      | Reached XP level 4. HP: 30/30 MP: 4/4
  1503 | D:2      | Reached skill level 5 in Polearms
  1745 | D:2      | Found a shimmering altar of Xom.
  1751 | D:2      | Reached XP level 5. HP: 36/36 MP: 5/5
  2017 | D:2      | Found a runed translucent door.
  2018 | D:2      | Noticed Crazy Yiuf
  2120 | D:2      | Killed Crazy Yiuf
  2252 | D:3      | Noticed Terence
  2264 | D:3      | Killed Terence
  2485 | D:3      | Noticed an ogre
  2501 | D:3      | Killed an ogre
  2501 | D:3      | Reached skill level 6 in Polearms
  2501 | D:3      | Reached XP level 6. HP: 22/42 MP: 6/6
  3353 | D:3      | Found a faded altar of an unknown god.
  3809 | D:4      | Noticed Blork the orc
  3817 | D:4      | Killed Blork the orc
  3817 | D:4      | Reached skill level 7 in Polearms
  3817 | D:4      | Reached XP level 7. HP: 25/46 MP: 7/7
  4034 | D:4      | Noticed Ijyb
  4036 | D:4      | Paralysed by Ijyb for 2 turns
  4042 | D:4      | Killed Ijyb
  4137 | D:4      | Found a radiant altar of Vehumet.
  4457 | D:4      | Became a worshipper of Vehumet
  4528 | D:4      | Noticed Eustachio
  4541 | D:4      | Killed Eustachio
  4541 | D:4      | Reached skill level 8 in Polearms
  4690 | D:4      | Reached XP level 8. HP: 54/54 MP: 8/8
  4867 | D:4      | Found a bloodstained altar of Trog.
  4964 | D:5      | Entered Level 5 of the Dungeon
  5066 | D:5      | Noticed Prince Ribbit
  5080 | D:4      | Reached skill level 9 in Polearms
  5167 | D:5      | Killed Prince Ribbit
  5217 | D:5      | Found a staircase to the Ecumenical Temple.
  5246 | D:5      | Reached skill level 10 in Polearms
  5294 | D:5      | Found a sacrificial altar of Ru.
  5357 | D:5      | Reached * piety under Vehumet
  5357 | D:5      | Offered knowledge of Shock by Vehumet.
  5624 | D:5      | Found an ancient bone altar of Kikubaaqudgha.
  5751 | D:5      | Found a hide-covered altar of Uskayaw.
  6022 | D:6      | Reached XP level 9. HP: 42/59 MP: 9/9
  6073 | D:6      | Found a hide-covered altar of Uskayaw.
  6219 | D:6      | Reached skill level 5 in Fighting
  6296 | D:6      | Reached skill level 11 in Polearms
  6438 | D:6      | Reached ** piety under Vehumet
  6474 | D:6      | Offered knowledge of Magic Dart by Vehumet.
  6477 | D:6      | Learned a level 1 spell: Magic Dart
  6915 | D:7      | Noticed Duvessa
  6918 | D:7      | Noticed Dowan
  6924 | D:7      | Killed Duvessa
  6924 | D:7      | Reached skill level 1 in Spellcasting
  6924 | D:7      | Reached skill level 1 in Conjurations
  6927 | D:7      | Killed Dowan
  7187 | D:7      | Noticed Joseph
  7194 | D:7      | Reached skill level 12 in Polearms
  7196 | D:7      | Shot with a sling bullet by Joseph

Illustrated notes

Levels and vault maps discovered:
D:1:      matt_arrival_spirals, layout_rooms, serial_bayou_crossing
D:2:      layout_loops_ring, old_standard_altar, kennysheep_jessica_study,
          uniq_crazy_yiuf_cottage
D:3:      minmay_general_purpose_star, layout_basic,
          chequers_ecumenical_altar_grove, minmay_ogre_servants, uniq_terence
D:4:      layout_loops_ring, vehumet_crystals, lemuel_coloured_pillars_altar,
          uniq_ijyb, uniq_blork_the_orc, uniq_eustachio
D:5:      layout_cave_pools, marbit_many_paths, minmay_temple_entry_ruins,
          first_ration, basic_altar, hangedman_decor_opposing,
          chequers_serial_rivers_small_b, nicolae_ru_great_annihilating_truth,
          uniq_prince_ribbit1
D:6:      layout_basic, basic_altar
D:7:      layout_cave_pools, uniq_joseph, uniq_duvessa

Skill      XL: |  1  2  3  4  5  6  7  8  9 |
---------------+----------------------------+-----
Polearms       | 4 5 6 7 8 10 12 | 12.0
Fighting       | 3 4 5 |  5.7
Spellcasting   | 1 |  1.5
Conjurations   | 1 |  1.5
Throwing       | |  2.0
Dodging        | |  3.0

Action                   |  1- 3 |  4- 6 |  7- 9 || total
-------------------------+-------+-------+-------++-------
Melee: Trident           |    64 |   190 |   312 ||   566
       Tentacles         |     5 |    28 |    62 ||    95
       Constrict         |     9 |    32 |    52 ||    93
Throw: Throwing net      |       |     1 |       ||     1
  Use: Scroll            |       |     6 |     5 ||    11
 Stab: Sleeping          |     9 |    11 |     6 ||    26
       Distracted        |     1 |     1 |       ||     2
       Held in net/web   |       |     1 |       ||     1
  Eat: Chunk             |       |     9 |    11 ||    20
Armor: Skin              |     7 |    10 |     4 ||    21
Dodge: Dodged            |    26 |    75 |   135 ||   236
